 Dungeon Crawl Stone Soup version 0.23.0 (webtiles) character file.

Game seed: 16848899189429936469

26119 dvd the Thaumaturge (level 12, 0/64 HPs)
             Began as a Deep Elf Fire Elementalist on Feb 9, 2019.
             Was an Elder of Vehumet.
             Slain by a fire bat (3 damage)
             ... in a Gauntlet.
             The game lasted 00:55:59 (16555 turns).

dvd the Thaumaturge (Deep Elf Fire Elementalist)   Turns: 16555, Time: 00:56:00

Health: 0/64       AC: 15    Str:  5    XL:     12   Next: 95%
Magic:  36/47      EV: 12    Int: 31    God:    Vehumet [****..]
Gold:   894        SH:  0    Dex: 19    Spells: 12/39 levels left

rFire    + . .     SeeInvis .   E - staff of power
rCold    + . .     Gourm    .   (no shield)
rNeg     . . .     Faith    .   V - +5 ring mail "Xuobasiv" {rPois rC+ MR+ Dex+4}
rPois    +         Spirit   .   l - +0 hat
rElec    .         Reflect  .   j - +0 cloak
rCorr    .         Harm     .   O - +0 pair of gloves
MR       ++...     NoTele   +   K - +1 pair of boots {Stlth+}
Stlth    ++++......             e - amulet of rage
HPRegen  0.20/turn              w - +5 ring of intelligence
MPRegen  0.30/turn              f - ring of protection from fire

@: studying Throwing
A: no striking features
a: Renounce Religion, Evoke Berserk Rage


You were in a Gauntlet.
You worshipped Vehumet.
Vehumet was greatly pleased with you.
You were very hungry.

You visited 3 branches of the dungeon, and saw 16 of its levels.
You also visited: Gauntlet.

You collected 961 gold pieces.
You spent 67 gold pieces at shops.

Inventory:

Hand Weapons
 h - a +0 quarterstaff of flaming
 Q - a +2 quarterstaff of protection
 W - the +6 spear "Mosmol" {pierce, +Inv rPois Stlth+}
   (You found it on level 3 of the Lair of Beasts)

   It inflicts extra damage upon your enemies.
   It protects you from poison.
   It lets you turn invisible.
   It makes you more stealthy.
Armour
 j - a +0 cloak (worn)
 l - a +0 hat (worn)
 s - a +0 troll leather armour
 K - a +1 pair of boots of stealth (worn)
 O - a +0 pair of gloves (worn)
 V - the +5 ring mail "Xuobasiv" (worn) {rPois rC+ MR+ Dex+4}
   (You found it on level 2 of the Lair of Beasts)

   It affects your dexterity (+4).
   It protects you from cold.
   It protects you from poison.
   It affects your resistance to hostile enchantments.
Magical Staves
 E - an uncursed staff of power (weapon)
Jewellery
 e - an amulet of rage (around neck)
 f - a ring of protection from fire (right hand)
 w - a +5 ring of intelligence (left hand)
 T - an uncursed ring of ice
Wands
 a - a wand of enslavement (5)
 t - a wand of clouds (2)
 u - a wand of polymorph (27)
 x - a wand of digging (15)
 z - a wand of flame (34)
 C - a wand of paralysis (17)
 F - a wand of acid (8)
 G - a wand of scattershot (7)
 P - a wand of iceblast (9)
 S - a wand of disintegration (16)
Scrolls
 d - 21 scrolls of identify
 g - 3 scrolls of blinking
 i - 5 scrolls of amnesia
 k - 4 scrolls of enchant weapon
 p - 9 scrolls of teleportation
 r - a scroll of fog
 R - 4 scrolls of remove curse
Potions
 b - 5 potions of curing
 m - 2 potions of brilliance
 o - 2 potions of ambrosia
 q - a potion of magic
 v - a potion of mutation {unknown}
 B - a potion of cancellation {unknown}
 J - 3 potions of might
 L - a potion of flight {unknown}
Books
 A - a manual of Throwing
Miscellaneous
 I - a lightning rod (4/4)
Comestibles
 c - 23 rations


   Skills:
 + Level 3.4 Fighting
   Level 3.0 Short Blades
 + Level 2.9(3.1) Polearms
 + Level 1.8(3.1) Staves
 + Level 4.2 Armour
 + Level 6.4 Dodging
 + Level 5.4 Stealth
 + Level 14.4 Spellcasting
 + Level 11.8 Conjurations
 + Level 1.1 Charms
 + Level 12.2 Fire Magic
 + Level 1.0 Air Magic
 + Level 0.5 Evocations


You had 12 spell levels left.
You knew the following spells:

 Your Spells              Type           Power        Failure   Level  Hunger
a - Flame Tongue          Conj/Fire      #####        1%          1    None
b - Throw Flame           Conj/Fire      ######       1%          2    None
c - Sticky Flame          Conj/Fire      #######.     1%          4    None
d - Fireball              Conj/Fire      #######...   1%          5    None
e - Shock                 Conj/Air       ####         1%          1    None
f - Throw Frost           Conj/Ice       ######       1%          2    None
g - Orb of Destruction    Conj           #######...   16%         7    #####..
h - Iskenderun's Battles  Conj/Chrm      ######..     4%          5    None

Your spell library contained the following spells:

 Spells                   Type           Power        Failure   Level  Hunger
 Fulminant Prism          Conj/Hex       ######....   2%          4    None
 Conjure Flame            Conj/Fire      #######.     1%          3    None
 Inner Flame              Hex/Fire       ######..     1%          3    None
 Bolt of Magma            Conj/Fire/Erth ######....   2%          5    None
 Venom Bolt               Conj/Pois      ######....   6%          5    None
 Apportation              Tloc           ###...       9%          1    None
 Beastly Appendage        Tmut           ###...       9%          1    None
 Summon Butterflies       Summ           ###.....     9%          1    None
 Sticks to Snakes         Tmut           ###.....     13%         2    None
 Lesser Beckoning         Tloc           ###.......   26%         3    None
 Spider Form              Tmut/Pois      ###.......   26%         3    None
 Tukima's Dance           Hex            ###.....     26%         3    None
 Iron Shot                Conj/Erth      ######....   28%         6    ###....
 Ice Form                 Ice/Tmut       ###.....     65%         4    None
 Spellforged Servitor     Conj/Summ      ######....   82%         7    #####..
 Alistair's Intoxication  Tmut/Pois      ###.....     94%         5    None
 Blade Hands              Tmut           ###.......   94%         5    None
 Invisibility             Hex            ###.....     100%        6    ###....


Dungeon Overview and Level Annotations

Branches:
Dungeon (12/15)            Temple (1/1) D:4            Lair (3/6) D:10
 Spider (0/4) Lair:2          Orc (0/2) D:9
  Swamp: Lair:2-4    Shoals: Lair:2-4

Altars:
Ashenzari
Cheibriados
Dithmenos
Elyvilon
Fedhas
Gozag
Kikubaaqudgha
Makhleb
Nemelex Xobeh
Okawaru
Qazlal
Ru
Sif Muna
Trog
Uskayaw
Vehumet
Wu Jian
Xom
Yredelemnul
Zin
The Shining One

Shops:
D:5 (   D:12 *

Portals:
Trove: D:12 (give +3 gold dragon scales)

Annotations:
Lair:2 1 runed translucent door, Zapai's ghost, journeyman DgAr Gauntlet 15 transporters, 21 runed translucent doors, exclusions: ice statue and orange crystal statue


Message History

You are engulfed in blazing flames.
You resist.
* * * LOW HITPOINT WARNING * * *
The plant is engulfed in blazing flames.
The fungus is engulfed in blazing flames.
The fungus is destroyed!
The fungus is engulfed in blazing flames. x2
The fire bat bites you.
* * * LOW HITPOINT WARNING * * *
You are engulfed in flames.
You resist.
* * * LOW HITPOINT WARNING * * *
The fire bat bites you.
* * * LOW HITPOINT WARNING * * *
You are engulfed in flames.
You resist.
* * * LOW HITPOINT WARNING * * *
Your battlesphere fires!
The barrage of energy hits the fire bat!
The fire bat is almost dead.
Your battlesphere expends the last of its energy and dissipates.
The fire bat closely misses you. The fire bat bites you.
You die...

##JJ#.#.#.....#.#.#.#...#.#.#.#..
.JJJ#.#.........#.#yyy...y.y#.#..
#################################
...........©...........©#≈≈≈≈8§≈≈
###########.#####################
..........#.#≈≈8§≈#©.........©...
..........#.#####################
########..#.#.........#.#....©...
#8# #8#..#.#..○@b○PP.#.#........
### ###..#.#.P#PbP#P.#.#.#######
#..#.#!.○P.....#.#.#.#.#.#
###..#©#©..○t....#.#....©...
#8#..###..P.○..P.#.##.#.#.#.
###....#$P#...#..#.#.#######
#....#...P.....#.#........
###..#.........#.#........
#8#..###########.#########


You could see a fire crab, 3 meliai and 2 fire bats.

Vanquished Creatures
  A hydra (Lair:2)
  Harold (Lair:2)
  2 two-headed ogres (D:9)
  An unseen horror (D:11)
  An oklob plant (Gauntlet)
  3 cyclopes
  A deep elf mage (D:12)
  2 manticores
  2 black mambas (Lair:2)
  5 spiny frogs
  2 centaur skeletons (D:12)
  A rime drake (Lair:1)
  A kobold demonologist (D:12)
  5 komodo dragons
  4 trolls
  A hornet (D:12)
  4 slime creatures (D:12)
  6 hippogriffs
  Grinder (D:5)
  A redback (Lair:2)
  A spriggan (D:11)
  3 wyverns
  21 yaks
  A vampire (D:10)
  A wraith (D:12)
  A steam dragon (Lair:3)
  2 basilisks (Lair:2)
  A hungry ghost (D:7)
  2 acid dragons (Gauntlet)
  5 water moccasins
  4 orc warriors
  3 ice beasts
  7 porcupines
  3 necrophages
  4 ogres
  3 phantoms
  An eye of draining (D:9)
  10 wolves (Lair:2)
  5 centaurs
  4 crocodiles
  A big kobold (D:12)
  12 bullfrogs
  A wyvern skeleton (D:11)
  A scorpion (D:4)
  10 killer bees
  4 wights (D:10)
  A howler monkey (D:5)
  2 bullfrog zombies (D:8)
  2 centaur zombies
  7 crimson imps
  A quasit (D:8)
  4 hounds
  2 jellies
  3 orc priests
  A bullfrog skeleton (D:10)
  3 iguanas
  6 orc wizards
  10 worker ants
  2 hound zombies
  A hound skeleton (D:4)
  A worker ant zombie (D:9)
  6 gnolls (D:4)
  2 howler monkey skeletons
  7 adders
  3 shadow imps
  2 oozes
  3 adder skeletons
  2 adder zombies
  2 worms
  3 dart slugs (D:1)
  3 leopard geckos
  34 orcs
  3 giant cockroaches
  8 hobgoblins
  6 jackals
  2 quokkas (D:7)
  5 ball pythons
  3 bats
  6 frilled lizards
  8 goblins
  16 kobolds
  4 rats
  A fungus (Lair:2)
331 creatures vanquished.

Vanquished Creatures (others)
  Fannar (Lair:2)
  9 fungi
  7 plants
  A withered plant (Lair:2)
18 creatures vanquished.

Grand Total: 349 creatures vanquished

Notes
Turn   | Place    | Note
-------+----------+-------------------------------------------
     0 | D:1      | dvd the Deep Elf Fire Elementalist began the quest for the
                  | Orb.
     0 | D:1      | Reached XP level 1. HP: 10/10 MP: 6/6
     2 | D:1      | Noticed a vine stalker
     2 | D:1      | Noticed an octopode
     4 | D:1      | Noticed a spriggan
     4 | D:1      | Noticed an elf
     6 | D:1      | Noticed a halfling
     6 | D:1      | Noticed a minotaur
     8 | D:1      | Noticed a tengu
     8 | D:1      | Noticed a felid
    10 | D:1      | Noticed a demonspawn
    13 | D:1      | Noticed a dwarf
    15 | D:1      | Noticed a vampire
    15 | D:1      | Noticed a troll
    17 | D:1      | Noticed a human
    17 | D:1      | Noticed a demigod
    19 | D:1      | Noticed an ogre
    19 | D:1      | Noticed a formicid
    21 | D:1      | Noticed a gargoyle
    21 | D:1      | Noticed a ghoul
    23 | D:1      | Noticed a merfolk
    23 | D:1      | Noticed a draconian
    25 | D:1      | Noticed a naga
    27 | D:1      | Noticed a centaur
   296 | D:1      | Reached XP level 2. HP: 15/15 MP: 0/8
   447 | D:1      | Learned a level 2 spell: Throw Flame
   831 | D:1      | Reached XP level 3. HP: 19/19 MP: 6/9
  1963 | D:3      | Reached XP level 4. HP: 24/24 MP: 4/11
  1969 | D:3      | Learned a level 4 spell: Sticky Flame
  2520 | D:4      | Reached skill level 4 in Spellcasting
  2528 | D:4      | Reached XP level 5. HP: 28/28 MP: 0/13
  2586 | D:4      | Reached skill level 5 in Fire Magic
  2842 | D:4      | Noticed an ogre
  2847 | D:4      | Killed an ogre
  2847 | D:4      | Reached skill level 5 in Spellcasting
  2847 | D:4      | Reached XP level 6. HP: 32/32 MP: 7/15
  2848 | D:4      | Found a staircase to the Ecumenical Temple.
  2986 | Temple   | Entered the Ecumenical Temple
  3003 | Temple   | Became a worshipper of Vehumet
  3299 | D:4      | HP: 1/32 [something/magic dart (7)]
  3302 | D:5      | Entered Level 5 of the Dungeon
  3302 | D:5      | Found Siypeann's Weapon Shoppe.
  4037 | D:4      | Learned a level 5 spell: Fireball
  4080 | D:5      | Reached skill level 6 in Spellcasting
  4123 | D:5      | Noticed Grinder
  4303 | D:4      | Reached XP level 7. HP: 23/36 MP: 12/18
  4892 | D:5      | Paralysed by Grinder for 2 turns
  4899 | D:5      | Killed Grinder
  4899 | D:5      | Reached skill level 5 in Conjurations
  5072 | D:5      | Found a glowing silver altar of Zin.
  5077 | D:5      | Found a white marble altar of Elyvilon.
  5082 | D:5      | Found a hide-covered altar of Uskayaw.
  5845 | D:6      | Found a sparkling altar of Nemelex Xobeh.
  5918 | D:6      | Reached XP level 8. HP: 30/42 MP: 20/20
  6220 | D:6      | Reached skill level 1 in Fighting
  6220 | D:6      | Reached skill level 1 in Short Blades
  6220 | D:6      | Reached skill level 7 in Spellcasting
  6854 | D:7      | Reached skill level 1 in Armour
  6874 | D:7      | Reached * piety under Vehumet
  6874 | D:7      | Offered knowledge of Shock by Vehumet.
  6877 | D:7      | Learned a level 1 spell: Shock
  6971 | D:7      | Reached skill level 8 in Spellcasting
  7060 | D:7      | Found a deep blue altar of Sif Muna.
  7186 | D:7      | Got a slimy halberd
  7187 | D:7      | Identified the cursed +0 halberd of the Lumpy Beds
                  | {protect, rN++ Int-5 Dex+3} (You found it on level 7 of the
                  | Dungeon)
  7456 | D:7      | Found an iron altar of Okawaru.
  7505 | D:7      | Reached XP level 9. HP: 48/48 MP: 16/23
  8855 | D:8      | Reached skill level 1 in Polearms
  9166 | D:9      | Found an ancient bone altar of Kikubaaqudgha.
  9185 | D:9      | Reached skill level 9 in Spellcasting
  9257 | D:9      | Noticed a troll
  9266 | D:9      | Killed a troll
  9374 | D:9      | Noticed a two-headed ogre
  9384 | D:9      | Killed a two-headed ogre
  9384 | D:9      | Reached XP level 10. HP: 53/53 MP: 12/25
  9499 | D:9      | Reached ** piety under Vehumet
  9510 | D:9      | Found a staircase to the Orcish Mines.
  9588 | D:9      | Got a faintly glowing chain mail
  9623 | D:9      | Offered knowledge of Throw Frost by Vehumet.
  9630 | D:9      | Learned a level 2 spell: Throw Frost
  9635 | D:9      | Noticed a two-headed ogre
  9780 | D:9      | Killed a two-headed ogre
  9780 | D:9      | Reached skill level 5 in Dodging
  9966 | D:9      | Reached skill level 10 in Spellcasting
 10406 | D:10     | Entered Level 10 of the Dungeon
 10587 | D:10     | Offered knowledge of Ignite Poison by Vehumet.
 10676 | D:10     | Found a staircase to the Lair.
 11138 | D:11     | Noticed a cyclops
 11143 | D:11     | Killed a cyclops
 11206 | D:11     | Identified the +1 chain mail "Waetrapp" {rC+ Str+3 Int+7
                  | Stlth+} (You found it on level 9 of the Dungeon)
 11259 | D:11     | Reached *** piety under Vehumet
 11343 | D:11     | Noticed a cyclops
 11359 | D:11     | Killed a cyclops
 11359 | D:11     | Reached skill level 11 in Spellcasting
 11359 | D:11     | Reached XP level 11. HP: 4/58 MP: 4/28
 11725 | D:11     | Reached skill level 10 in Fire Magic
 11862 | D:11     | Noticed an unseen horror
 11867 | D:11     | Killed an unseen horror
 12308 | D:12     | Offered knowledge of Throw Icicle by Vehumet.
 12325 | D:12     | Reached skill level 1 in Air Magic
 12400 | D:12     | Found Bidaatac's General Store.
 12408 | D:12     | Bought a +0 pair of gloves for 67 gold pieces
 12592 | D:12     | Noticed a deep elf mage
 12596 | D:12     | Reached skill level 10 in Conjurations
 12597 | D:12     | Killed a deep elf mage
 12597 | D:12     | Reached skill level 5 in Stealth
 12597 | D:12     | Reached skill level 12 in Spellcasting
 12779 | D:12     | Found a portal to a secret trove of treasure.
 12819 | D:12     | Reached **** piety under Vehumet
 12953 | D:12     | Offered knowledge of Fulminant Prism by Vehumet.
 13323 | D:12     | Found a sacrificial altar of Ru.
 13385 | D:12     | Reached skill level 1 in Staves
 13515 | Lair:1   | Entered Level 1 of the Lair of Beasts
 13710 | Lair:1   | Reached XP level 12. HP: 64/64 MP: 16/30
 13725 | Lair:1   | Learned a level 7 spell: Orb of Destruction
 13750 | Lair:1   | You fall through a shaft!
 13844 | Lair:2   | Found a hole to the Spider Nest.
 13988 | Lair:2   | Reached skill level 13 in Spellcasting
 14061 | Lair:2   | Noticed a four-headed hydra
 14230 | Lair:2   | Noticed Harold
 14262 | Lair:2   | Killed Harold
 14298 | Lair:2   | Found a frozen archway.
 14514 | Lair:1   | Learned a level 5 spell: Iskenderun's Battlesphere
 14580 | Lair:1   | Found the cursed +14 obsidian axe {chop, +Fly SInv *Curse}
 15249 | Lair:2   | Noticed Fannar
 15254 | Lair:2   | Killed Fannar
 15290 | Lair:2   | Got a brightly glowing ring mail
 15301 | Lair:2   | Identified the +5 ring mail "Xuobasiv" {rPois rC+ MR+
                  | Dex+4} (You found it on level 2 of the Lair of Beasts)
 15365 | Lair:2   | Killed a four-headed hydra
 15365 | Lair:2   | Reached skill level 14 in Spellcasting
 15365 | Lair:2   | Reached skill level 1 in Charms
 15376 | Lair:2   | Found a runed translucent door.
 15376 | Lair:2   | Noticed Zapai's ghost (journeyman DgAr)
 15783 | Lair:3   | Got a brightly glowing spear
 15784 | Lair:3   | Identified the +6 spear "Mosmol" {pierce, +Inv rPois
                  | Stlth+} (You found it on level 3 of the Lair of Beasts)
 15987 | Lair:3   | Found a gate leading to a gauntlet.
 16003 | Gauntlet | Entered a Gauntlet
 16003 | Gauntlet | Found a transporter.
 16004 | Gauntlet | Found a large runed translucent door.
 16005 | Gauntlet | Found a large runed translucent door.
 16006 | Gauntlet | Found a large runed translucent door.
 16006 | Gauntlet | Found a large runed translucent door.
 16006 | Gauntlet | Found a runed translucent door.
 16007 | Gauntlet | Found a large runed translucent door.
 16008 | Gauntlet | Found a large runed translucent door.
 16009 | Gauntlet | Found a large runed translucent door.
 16009 | Gauntlet | Found a large runed translucent door.
 16010 | Gauntlet | Found a runed translucent gate.
 16010 | Gauntlet | Found a runed translucent gate.
 16012 | Gauntlet | Found a transporter.
 16020 | Gauntlet | Found a runed translucent gate.
 16020 | Gauntlet | Found a runed translucent door.
 16021 | Gauntlet | Found a large runed translucent door.
 16021 | Gauntlet | Found a large runed translucent door.
 16022 | Gauntlet | Found a large runed translucent door.
 16023 | Gauntlet | Found a large runed translucent door.
 16027 | Gauntlet | Found a transporter.
 16032 | Gauntlet | Found a transporter.
 16047 | Gauntlet | Found a transporter.
 16048 | Gauntlet | Found the +3 hat of Pondering {ponderous, MR+ MP+10 Int+5}
 16066 | Gauntlet | Found a transporter.
 16066 | Gauntlet | Noticed a ghost crab
 16078 | Gauntlet | Found a transporter.
 16090 | Gauntlet | Found a transporter.
 16100 | Gauntlet | Noticed a hell beast
 16102 | Gauntlet | Found a transporter.
 16111 | Gauntlet | Noticed a death ooze
 16114 | Gauntlet | Found a transporter.
 16131 | Gauntlet | Found a transporter.
 16131 | Gauntlet | Found a transporter.
 16151 | Gauntlet | Found a transporter.
 16171 | Gauntlet | Found a transporter.
 16193 | Gauntlet | Found a transporter.
 16270 | Gauntlet | Found a transporter.
 16297 | Gauntlet | Found a transporter.
 16297 | Gauntlet | Found a transporter.
 16313 | Gauntlet | Found a large runed translucent door.
 16313 | Gauntlet | Found a large runed translucent door.
 16314 | Gauntlet | Found a large runed translucent door.
 16315 | Gauntlet | Found a large runed translucent door.
 16555 | Gauntlet | HP: 3/64 [fire bat (4)]
 16555 | Gauntlet | Slain by a fire bat

Skill      XL: |  1  2  3  4  5  6  7  8  9 10 11 12 |
---------------+-------------------------------------+-----
Stealth        | 3 4 5 |  5.4
Fire Magic     | 4 5 6 7 8 9 11 12 | 12.2
Spellcasting   | 4 5 6 8 9 11 12 14 | 14.4
Conjurations   | 2 3 4 5 6 8 9 10 11 | 11.8
Dodging        | 3 4 5 6 |  6.4
Fighting       | 1 2 3 |  3.4
Short Blades   | 2 3 |  3.0
Armour         | 1 2 3 4 |  4.2
Polearms       | 1 2 |  2.9
Air Magic      | 1 |  1.0
Staves         | 1 |  1.8
Charms         | 1 |  1.1
Evocations     | |  0.5

Action                   |  1- 3 |  4- 6 |  7- 9 | 10-12 || total
-------------------------+-------+-------+-------+-------++-------
Melee: Unarmed           |     3 |     3 |       |       ||     6
       Dagger            |       |       |    90 |     8 ||    98
       Halberd           |       |       |    27 |    41 ||    68
       Quarterstaff      |       |       |       |    19 ||    19
       Staff             |       |       |       |     5 ||     5
 Cast: Flame Tongue      |    76 |    69 |   104 |   158 ||   407
       Throw Flame       |    21 |    15 |    41 |    27 ||   104
       Sticky Flame      |       |     6 |    28 |    69 ||   103
       Fireball          |       |       |    10 |    85 ||    95
       Shock             |       |       |    10 |    19 ||    29
       Iskenderun's Batt |       |       |       |    10 ||    10
       Throw Frost       |       |       |       |     5 ||     5
       Orb of Destructio |       |       |       |     1 ||     1
Evoke: Wand              |       |       |     2 |     3 ||     5
       Lightning rod     |       |       |       |     2 ||     2
  Use: Scroll            |       |     6 |     5 |    16 ||    27
       Potion            |       |     1 |     9 |     1 ||    11
 Stab: Sleeping          |       |       |       |     2 ||     2
  Eat: Chunk             |     4 |     4 |    17 |    22 ||    47
       Ration            |       |     1 |     1 |     1 ||     3
Armor: Robe              |     5 |     1 |     9 |     3 ||    18
       Leather armour    |       |       |    29 |     5 ||    34
       Troll leather arm |       |       |       |    48 ||    48
       Ring mail         |       |       |       |    14 ||    14
Dodge: Dodged            |    33 |    33 |   120 |   149 ||   335
